 Dungeon Crawl Stone Soup version 0.29-a0-542-g075992c915 (webtiles) character file.

Game seed: 4936878792235779642

156 Flugkiller the Skirmisher (level 5, -1/76 HPs)
             Began as a Meteoran Chaos Knight on June 3, 2022.
             Was a Plaything of Xom.
             Slain by a troll (shapeshifter) (7 damage)
             ... on level 3 of the Dungeon.
             The game lasted 00:03:25 (880 turns).

Flugkiller the Skirmisher (Meteoran Chaos Knight)    Turns: 880, Time: 00:03:26

Health: -1/76      AC: 22    Str: 13    XL:     5   Next: 98%
Magic:  5/5        EV:  2    Int: 13    God:    Xom [*.....]
Gold:   86         SH:  0    Dex: 14    Spells: 4/4 levels left

rFire   . . .      SeeInvis .   (no weapon)
rCold   . . .      Faith    +   (no shield)
rNeg    . . .      Spirit   .   (body armour currently unavailable)
rPois   +          Reflect  .   (helmet currently unavailable)
rElec   .          Harm     .   (cloak currently unavailable)
rCorr   .          Rampage  .   (gloves currently unavailable)
Will    .....      Rage     1%  (boots currently unavailable)
Stlth   +......... NoTele   +   d - amulet of faith
HPRegen 0.22/turn               (no ring)
MPRegen 0.09/turn               (no ring)

@: tree-form, glowing, unable to read
A: stationary, stasis, torment immunity, boosted hp, sense surroundings 1,
otherworldly, glowing, explore regen, (iridescent scales 1), berserk 1,
deterioration 1, low MP 1, weak 1, subdued magic 1, inability to read while
threatened
a: Renounce Religion


You were on level 3 of the Dungeon.
You worshipped Xom.
You were a special plaything of Xom.
You were a tree.
You visited 1 branch of the dungeon, and saw 3 of its levels.

You collected 86 gold pieces.

Inventory:

Hand Weapons
 a - a +0 hand axe of chaos
 h - a +0 mace
   (You found it on level 2 of the Dungeon)
Missiles
 f - a throwing net
 m - 3 boomerangs
Armour
 b - a +2 leather armour (melded)
 r - a +0 pair of gloves (melded)
   (You found it on level 3 of the Dungeon)
Jewellery
 d - an amulet of faith (around neck)
   (You found it on level 1 of the Dungeon)
 n - a ring of ice
   (You found it on level 2 of the Dungeon)
Scrolls
 e - a scroll of fear
 g - a scroll of fog {unknown}
 k - a scroll of poison {unknown}
 o - a scroll of amnesia {unknown}
 p - a scroll of identify {unknown}
Potions
 j - a potion of mutation {unknown}
 l - a potion of magic {unknown}
 q - a potion of curing
 s - a potion of might {unknown}
Miscellaneous
 c - a piece from Xom's chessboard (15/15) (quivered)


   Skills:
 + Level 6.5 Fighting
 - Level 3.6 Axes
 - Level 2.4 Armour
 - Level 1.2 Dodging


You had 4 spell levels left.
You didn't know any spells.
Your spell library contained the following spells:

 Spells                   Type           Power      Damage    Failure   Level
 Ensorcelled Hibernation  Hex/Ice        0%         N/A       38%         2
 Passwall                 Tmut/Erth      0%         N/A       38%         2
 Swiftness                Air            0%         N/A       63%         3


Dungeon Overview and Level Annotations

Branches:
Dungeon (3/15)

Altars:


Innate Abilities, Weirdness & Mutations

You are a tree.
Your roots penetrate the ground, keeping you stationary.
You cannot be teleported.
You are immune to unholy pain and torment.
Your maximum health is greatly increased.
Your equipment is partially melded.
You passively map a small area around you.
You are easily found by Zot.
You glow in the dark.
You regain HP and MP as you explore.
((You are partially covered in iridescent scales. (AC +2)))
You tend to lose your temper in combat.
Your body sometimes deteriorates upon taking damage.
Your magical capacity is low. (-10% MP)
You are weak. (Str -2)
Your spells are a little easier to cast, but a little less powerful.
You sometimes lose the ability to read scrolls when taking damage.


Message History

You hit the hobgoblin. You freeze the hobgoblin.
You kill the hobgoblin!
You hit the rat.
You kill the rat!
The orc hits you but does no damage.
You hit the orc but do no damage.
The orc is moderately wounded.
The orc blinks!
You hit the worm. You freeze the worm.
The worm is lightly wounded.
The worm misses you.
You completely miss the worm.
The worm is lightly wounded.
You hit the worm.
The worm is moderately wounded.
The worm bites you!
You hit the worm.
The worm is poisoned.
The worm is moderately wounded.
You hit the worm. You drain the worm.
The worm is almost dead.
You slash the worm!
You kill the worm!
You hit the orc but do no damage. You drain the orc.
The orc hits you with a +0 club.
You hit the orc but do no damage.
The orc is severely wounded.
The orc barely misses you.
You hit the orc.
You kill the orc!
No target in view!
No target in view!
The worm bites you but does no damage.
Items here: )) [ ††††.
You hit the worm but do no damage. The worm closely misses you.
You hit the worm. You freeze the worm.
The worm is moderately wounded.
You hit the worm.
The worm seems to speed up.
Xom thinks this is hilarious!
The worm is severely wounded.
The worm barely misses you.
You slash the worm! You burn the worm.
You kill the worm!
No target in view!
Items here: )) [ ††††. "Where it stops, nobody knows!"
Your surroundings suddenly seem different.
Your surroundings seem slightly different.
Your surroundings suddenly seem different.
An orc priest and 2 orcs come into view.
You are now a special plaything of Xom.
The orc shouts!
The orc priest shouts! "This might be better!"
The orc changes into a shapeshifter!
The shapeshifter changes into a troll!
The orc priest hits you with a +0 short sword.
You hit the orc priest.
The orc priest flickers and vanishes!
Deactivating autopickup; reactivate with Ctrl-A.
Something hits you.
You hit something. Something hits you but does no damage.
You hit the troll but do no damage.
You hear a shout!
You barely miss the troll. The troll bites you. The troll claws you.
You feel threatened and lose the ability to read scrolls!
The troll claws you but does no damage.
You can read scrolls again.
You hear a shout!
The troll attacks as you move away! The troll misses you.
The troll closely misses you. The troll claws you.
You feel threatened and lose the ability to read scrolls!
You hear a shout!
You cannot read scrolls in your current state!
Unknown command.
It was a potion of lignification.
You turn into a tree.
Your +0 pair of gloves melds into your body.
Your +2 leather armour melds into your body.
Your roots penetrate the ground.
Xom thinks this is hilarious!
You hear a shout!
The troll bites you but does no damage. The troll claws you!
The troll claws you but does no damage.
You are now empty-handed.
The troll bites you!
The troll claws you but does no damage. x2
You smack the troll!
The troll is moderately wounded.
The troll barely misses you.
The troll claws you but does no damage. x2
You smack the troll!
The troll is heavily wounded.
You hear a shout!
The troll bites you but does no damage. The troll claws you!
* * * LOW HITPOINT WARNING * * *
The troll claws you!
* * * LOW HITPOINT WARNING * * *
You barely miss the troll.
The troll is heavily wounded.
The troll bites you but does no damage.
The troll claws you but does no damage. x2
You smack the troll!
The troll is severely wounded.
The troll bites you but does no damage. The troll claws you but does no damage.
The troll claws you!
You die...
Xom bursts into laughter!

## .#
.#############
.............# *
############>#
########## #.#
#.o.o.....
####.#
#T########,
#....# #♣# ,
#.#### #.#
#.[####.#### #.#
*, ,
#........(.# #.#
* * *
#.#####.##.# #.#
* , * #.# .# #.#
* * , #.# .# #.#
#### * * #.# .#
#.# #... * ###.#
#.##.###.###,...


You could see a troll shaped shifter and an orc.

Vanquished Creatures
  Jessica (D:2)
  An orc wizard (D:3)
  5 adders
  2 worms (D:3)
  5 orcs (D:3)
  4 bats
  4 endoplasms
  2 giant cockroaches (D:2)
  4 goblins
  7 hobgoblins
  2 jackals (D:2)
  A quokka (D:1)
  4 ball pythons
  3 frilled lizards
  A kobold (D:3)
  5 rats
51 creatures vanquished.

Vanquished Creatures (collateral kills)
  A kobold (D:1)
1 creature vanquished.

Vanquished Creatures (others)
  A kobold (D:1)
  3 plants (D:2)
4 creatures vanquished.

Grand Total: 56 creatures vanquished

Notes
Turn   | Place    | Note
-------+----------+-------------------------------------------
     0 | D:1      | Flugkiller the Meteoran Chaos Knight began the quest for
                  | the Orb.
     0 | D:1      | Reached XP level 1. HP: 19/19 MP: 2/2
    58 | D:1      | Reached XP level 2. HP: 27/27 MP: 3/3
    94 | D:1      | Reached skill level 4 in Fighting
   113 | D:1      | XOM: silly message
   180 | D:1      | XOM: silly message
   187 | D:1      | XOM: silly message
   193 | D:1      | Reached XP level 3. HP: 32/33 MP: 4/4
   327 | D:2      | Noticed Jessica
   337 | D:2      | Killed Jessica
   338 | D:2      | Reached skill level 5 in Fighting
   338 | D:2      | Reached XP level 4. HP: 32/42 MP: 5/5
   440 | D:2      | Reached XP level 5. HP: 48/49 MP: 6/6
   604 | D:1      | XOM: give mutations
   604 | D:1      | Gained mutation: Your spells are a little easier to cast,
                  | but a little less powerful. [Xom's mischief]
   604 | D:1      | Gained mutation: You tend to lose your temper in combat.
                  | [Xom's mischief]
   604 | D:1      | Gained mutation: You are weak. (Str -2) [Xom's mischief]
   741 | D:3      | Reached skill level 6 in Fighting
   818 | D:3      | XOM: give mutations
   818 | D:3      | Gained mutation: You sometimes lose the ability to read
                  | scrolls when taking damage. [Xom's mischief]
   818 | D:3      | Gained mutation: Your body sometimes deteriorates upon
                  | taking damage. [Xom's mischief]
   818 | D:3      | Gained mutation: You are partially covered in iridescent
                  | scales. (AC +2) [Xom's mischief]
   818 | D:3      | Gained mutation: Your magical capacity is low. (-10% MP)
                  | [Xom's mischief]
   867 | D:3      | XOM: 3-stop teleportation journey
   868 | D:3      | Noticed a shapeshifter
   868 | D:3      | an orc changed into a shapeshifter
   868 | D:3      | XOM: polymorph orc -> shapeshifter
   868 | D:3      | Noticed a troll
   868 | D:3      | a shapeshifter changed into a troll
   880 | D:3      | Slain by a troll (shapeshifter)

Illustrated notes

Levels and vault maps discovered:
D:1:      psy_arrival_basics, layout_basic, serial_forest,
          infiniplex_forest_clump_cross, infiniplex_forest_clump_tiny,
          infiniplex_forest_lined_1, infiniplex_forest_lined_ring,
          infiniplex_forest_end_1, hellmonk_ecumenical_altar_inner_sanctum,
          minmay_domino_2
D:2:      layout_loops_ring, minmay_misc_feat_x, wad_woods_river_04,
          uniq_jessica, uniq_terence
D:3:      layout_loops_ring, minmay_fractal_squares_5

Skill      XL: |  1  2  3  4  5 |
---------------+----------------+-----
Fighting       | 4 5 6 |  6.5
Axes           | |  3.6
Armour         | |  2.4
Dodging        | |  1.2

Action                   |  1- 3 |  4- 6 || total
-------------------------+-------+-------++-------
Melee: Hand axe          |    74 |    98 ||   172
       Unarmed           |       |     4 ||     4
  Use: Potion            |     1 |     1 ||     2
       Scroll            |       |     1 ||     1
 Stab: Petrifying        |       |     1 ||     1
Armor: Leather armour    |    39 |    43 ||    82
       Skin              |       |    12 ||    12
Dodge: Dodged            |    46 |    54 ||   100

Table legend: (Time is in decaauts)
 A = Elapsed time spent in this place.
 B = Non-inter-level travel time spent in this place.
 C = Inter-level travel time spent in this place.
 D = Time resting spent in this place.
 E = Time spent auto-exploring this place.
 F = Levels seen in this place.
 G = Mean time per level.
                   A        B        C        D        E       F      G
               +--------+--------+--------+--------+--------+-----+--------+
         Total |    899 |    875 |     24 |      0 |      0 |   3 |  299.7 |
       Dungeon |    899 |    875 |     24 |      0 |      0 |   3 |  299.7 |
               +--------+--------+--------+--------+--------+-----+--------+

Top non-repeatable levels by time:
     D:1: 334 daAuts
     D:2: 330 daAuts
     D:3: 234 daAuts
